 Dungeon Crawl Stone Soup version 0.23.1 (webtiles) character file.

Game seed: 0

200 Borgoz the Skirmisher (level 5, -1/47 HPs)
             Began as a Ghoul Monk on Mar 18, 2019.
             Slain by Menkaure (16 damage)
             ... on level 4 of the Dungeon.
             The game lasted 00:08:47 (4325 turns).

Borgoz the Skirmisher (Ghoul Monk)                  Turns: 4325, Time: 00:08:48

Health: -1/47      AC:  4    Str: 17 (20) XL:     5   Next: 79%
Magic:  4/4        EV: 12    Int:  4 (5)  God:
Gold:   161        SH:  0    Dex:  9 (12) Spells: 4/4 levels left

rFire    + . .     SeeInvis .   a - +0 dagger (drain)
rCold    + . .     Gourm    .   (no shield)
rNeg     + + +     Faith    .   p - +1 leather armour {rF+}
rPois    ∞         Spirit   .   (no helmet)
rElec    .         Reflect  .   (no cloak)
rCorr    .         Harm     .   (no gloves)
MR       .....                  (no boots)
Stlth    ++........             (no amulet)
HPRegen  0.00/turn              (no ring)
MPRegen  0.09/turn              (no ring)

@: mighty, rotting
A: rotting body, claws 1, carnivore, cold resistance 1, negative energy
resistance 3, inhibited regeneration, torment resistance, unbreathing
a: no special abilities


You were on level 4 of the Dungeon.
You were not hungry.

You visited 1 branch of the dungeon, and saw 4 of its levels.

You collected 161 gold pieces.

Inventory:

Hand Weapons
 a - a +0 dagger of draining (weapon)
Armour
 p - a +1 leather armour of fire resistance (worn)
Scrolls
 e - a scroll of remove curse
 f - a scroll of teleportation
 g - a scroll of fog
 h - a scroll of identify
 l - 2 scrolls of fear
Potions
 b - a potion of invisibility
 j - 3 potions of curing
 n - a potion of cancellation {unknown}
Comestibles
 c - 7 rations
 i - a chunk of flesh


   Skills:
 + Level 4.5 Fighting
 + Level 4.2 Short Blades
 + Level 0.8 Armour
 + Level 3.5 Dodging
 + Level 2.5 Stealth


You had 4 spell levels left.
You didn't know any spells.
Your spell library was empty.

Dungeon Overview and Level Annotations

Branches:
Dungeon (4/15)
 Temple: D:4-7

Altars:

Annotations:
D:4 Menkaure


Innate Abilities, Weirdness & Mutations

Your body is rotting away.
You thrive on raw meat.
You are immune to poison.
You have sharp fingernails.
You are carnivorous and can eat meat at any time.
Your flesh is cold resistant. (rC+)
You are immune to negative energy. (rN+++)
You do not regenerate when monsters are visible.
You are immune to unholy pain and torment.
You can survive without breathing.


Message History

You barely miss Menkaure. Menkaure hits you!
You hit Menkaure.
Menkaure is lightly damaged.
Menkaure hits you.
You barely miss Menkaure.
Menkaure is lightly damaged.
Menkaure barely misses you.
You closely miss Menkaure.
Menkaure is lightly damaged.
Menkaure hits you!!
You are too injured to fight recklessly!
You are too injured to fight recklessly!
You are too injured to fight recklessly!
It was a potion of might.
You feel very mighty all of a sudden. Menkaure hits you.
You barely miss Menkaure.
Menkaure is lightly damaged.
Menkaure hits you!
You die...

# ..... .#. #....
....#...# #
#..#..>##.# ......#.#
#. #...... #...#M..#
#.....@.###########
...................#
####..############.##
#.... ######....#
#.... #....###..#
....# ##.........#
.### #.......##.#
#..........#
#.......##.##.


You could see Menkaure.

Vanquished Creatures
  An orc priest (D:3)
  8 adders
  A worm (D:2)
  2 dart slugs
  14 orcs
  2 giant cockroaches (D:1)
  4 goblins
  10 hobgoblins
  7 jackals
  A ball python (D:2)
  7 bats
  7 frilled lizards
  5 kobolds
  9 rats
78 creatures vanquished.

Notes
Turn   | Place    | Note
-------+----------+-------------------------------------------
     0 | D:1      | Borgoz the Ghoul Monk began the quest for the Orb.
     0 | D:1      | Reached XP level 1. HP: 19/19 MP: 0/0
   121 | D:1      | Reached XP level 2. HP: 9/26 MP: 1/1
   814 | D:2      | Reached XP level 3. HP: 33/33 MP: 2/2
  1192 | D:2      | Reached XP level 4. HP: 29/40 MP: 3/3
  2681 | D:2      | Reached XP level 5. HP: 29/46 MP: 4/4
  4315 | D:4      | Noticed Menkaure
  4325 | D:4      | Slain by Menkaure

Skill      XL: |  1  2  3  4  5 |
---------------+----------------+-----
Short Blades   | 3 4 |  4.2
Dodging        | 3 |  3.5
Fighting       | 4 |  4.5
Armour         | |  0.8
Stealth        | |  2.5

Action                   |  1- 3 |  4- 6 || total
-------------------------+-------+-------++-------
Melee: Short sword       |   169 |   395 ||   564
       Dagger            |       |    23 ||    23
  Use: Potion            |     2 |    10 ||    12
       Scroll            |       |     7 ||     7
 Stab: Sleeping          |     1 |     3 ||     4
       Distracted        |       |     1 ||     1
  Eat: Chunk             |    23 |    29 ||    52
Armor: Robe              |    22 |    25 ||    47
       Leather armour    |       |    22 ||    22
Dodge: Dodged            |   126 |   269 ||   395
